 Dungeon Crawl Stone Soup version 0.28-a0-1117-g0bdd5ba030 (webtiles) character file.

Game seed: 14389554187249207153

10914 ders the Geomancer (level 11, -5/54 HPs)
             Began as a Gargoyle Earth Elementalist on Dec 11, 2021.
             Was an Elder of Vehumet.
             Slain by a yak (6 damage)
             ... on level 10 of the Dungeon.
             The game lasted 00:19:14 (13670 turns).

ders the Geomancer (Gargoyle Earth Elementalist)   Turns: 13670, Time: 00:19:15

Health: -5/54      AC: 12    Str: 12    XL:     11   Next: 69%
Magic:  20/24      EV: 11    Int: 26    God:    Vehumet [****..]
Gold:   564        SH:  0    Dex: 10    Spells: 21/29 levels left

rFire   + . .      SeeInvis .   B - +3 great sword (drain)
rCold   + + .      Faith    .   (shield currently unavailable)
rNeg    + . .      Spirit   .   b - +0 robe
rPois   ∞          Reflect  .   (no helmet)
rElec   +          Harm     .   F - scarf {rC+ rF+}
rCorr   .          Rampage  .   (no gloves)
Will    +....                   w - +1 pair of boots
Stlth   ++........              d - amulet "Ohymaufi" {Acrobat rElec rC+}
HPRegen 0.18/turn               E - ring of willpower
MPRegen 0.19/turn               s - +6 ring of intelligence

@: no status effects
A: sickness immunity, AC +8, negative energy resistance 1, electricity
resistance, torment resistance 1, petrification resistance
a: Renounce Religion


You were on level 10 of the Dungeon.
You worshipped Vehumet.
Vehumet was greatly pleased with you.
You visited 2 branches of the dungeon, and saw 11 of its levels.
You also visited: Ossuary.

You collected 564 gold pieces.

Inventory:

Hand Weapons
 v - a +0 dagger of venom
 B - a +3 great sword of draining (weapon)
Missiles
 c - 104 stones
 H - 6 throwing nets
Armour
 b - a +0 robe (worn)
 w - a +1 pair of boots (worn)
 F - a scarf of resistance (worn)
Jewellery
 d - the amulet "Ohymaufi" (around neck) {Acrobat rElec rC+}
   (You acquired it on level 4 of the Dungeon)

   [amulet of the acrobat]

   It increases your evasion while moving and waiting.
   rC:        It protects you from cold.
   rElec:     It insulates you from electricity.
 p - a ring of ice
 s - a +6 ring of intelligence (right hand)
 E - a ring of willpower (left hand)
 K - an amulet of faith
Wands
 i - a wand of digging (11)
 j - a wand of flame (38)
 l - a wand of charming (14)
 A - a wand of mindburst (13)
 C - a wand of iceblast (4)
 J - a wand of acid (7)
Scrolls
 e - a scroll of amnesia
 h - 2 scrolls of noise
 k - 2 scrolls of enchant weapon
 y - 2 scrolls of vulnerability
 I - a scroll of identify
 L - a scroll of fear
Potions
 a - 7 potions of curing
 f - 2 potions of degeneration
 g - 4 potions of haste
 m - 6 potions of attraction
 n - 6 potions of berserk rage
 o - 3 potions of brilliance
 q - 2 potions of cancellation
 r - 3 potions of flight
 t - 2 potions of ambrosia
 u - a potion of mutation
 x - a potion of heal wounds
 z - 2 potions of magic
 D - 2 potions of might
 G - a potion of resistance {unknown}


   Skills:
 - Level 1.5 Dodging
 - Level 2.1 Stealth
 + Level 9.9 Spellcasting
 + Level 11.4 Conjurations
 - Level 0.7 Transmutations
 + Level 13.0 Earth Magic


You had 21 spell levels left.
You knew the following spells:

 Your Spells              Type           Power      Damage    Failure   Level
a - Sandblast             Erth           100%       2d20      0%          1
b - Stone Arrow           Conj/Erth      100%       3d13      1%          3
c - Petrify               Tmut/Erth      48%        N/A       2%          4

Your spell library contained the following spells:

 Spells                   Type           Power      Damage    Failure   Level
 Sticky Flame             Conj/Fire      42%        2d6       1%          4
 Passwall                 Tmut/Erth      40%        N/A       1%          2
 Ozocubu's Armour         Ice            12%        N/A       14%         3
 Tukima's Dance           Hex            12%        N/A       14%         3
 Yara's Violent Unravell  Hex/Tmut       7%         3d5       28%         5
 Passage of Golubria      Tloc           12%        N/A       43%         4
 Ozocubu's Refrigeration  Ice            6%         4d6       100%        7


Dungeon Overview and Level Annotations

Branches:
Dungeon (10/15)            Temple (1/1) D:6            Lair (0/6) D:9
    Orc (0/2) D:9         Ossuary (visited)

Altars:
Ashenzari
Cheibriados
Dithmenos
Elyvilon
Fedhas
Gozag
Hepliaklqana
Kikubaaqudgha
Makhleb
Nemelex Xobeh
Okawaru
Qazlal
Ru
Sif Muna
Trog
Uskayaw
Vehumet
Wu Jian
Xom
Yredelemnul
Zin
The Shining One

Shops:
D:3 !   D:5 (

Annotations:
D:10 Maggie


Innate Abilities, Weirdness & Mutations

You are immune to sickness and miasma.
Your stone body is resilient. (AC +8)
You are immune to poison.
You resist negative energy. (rN+)
You are resistant to electric shocks. (rElec)
You are resistant to unholy torment.
You are immune to petrification.


Message History

* * * LOW HITPOINT WARNING * * *
Unknown command.
Casting: Sandblast (safe; 0% risk of failure)
Confirm with . or Enter, or press ? or * to list all spells.
Aiming: Sandblast (safe; 0% risk of failure)
Press: ? - help, Shift-Dir - straight line, f/p - yak
Aim: a yak (almost dead, 90% to hit)
The blast of sand hits the yak!
You kill the yak!
Vehumet accepts your kill.
You feel your power returning. The yak gores you.
* * * LOW HITPOINT WARNING * * *
Unknown command.
Casting: Sandblast (safe; 0% risk of failure)
Confirm with . or Enter, or press ? or * to list all spells.
Aiming: Sandblast (safe; 0% risk of failure)
Press: ? - help, Shift-Dir - straight line, f - yak
Aim: a yak (90% to hit)
The blast of sand misses the yak.
The yak misses you. The yak gores you.
* * * LOW HITPOINT WARNING * * *
Unknown command.
Casting: Sandblast (safe; 0% risk of failure)
Confirm with . or Enter, or press ? or * to list all spells.
Aiming: Sandblast (safe; 0% risk of failure)
Press: ? - help, Shift-Dir - straight line, f/p - yak
Aim: a yak (90% to hit)
The blast of sand hits the yak!
The yak is moderately wounded.
The yak barely misses you. x2; The yak gores you.
* * * LOW HITPOINT WARNING * * *
Unknown command.
Casting: Sandblast (safe; 0% risk of failure)
Confirm with . or Enter, or press ? or * to list all spells.
Aiming: Sandblast (safe; 0% risk of failure)
Press: ? - help, Shift-Dir - straight line, f/p - yak
Aim: a yak (moderately wounded, 90% to hit)
The blast of sand hits the yak!!
The yak is almost dead.
The yak gores you but does no damage. The yak gores you.
You die...

#.............#.........#..#
#.............#.........#..# #
##.........<...#.........#..## #
#≈♣♣≈≈#######..#.........#...#
♣♣♣≈≈≈PP♣... #..'.........#...#
≈≈≈≈≈≈≈≈≈♣.. #..###...........#
≈P≈≈≈≈≈P≈P♣. #....#..........P#
............ #....#.......#P≈≈#
P≈P≈≈≈≈≈≈≈≈. #.@Y.#.......#≈P≈##
♣♣♣♣≈P≈P≈≈≈. ##YY.#.......#♣≈...
♣♣♣♣≈≈≈≈≈≈.. #...#.......#.....
#...≈≈≈≈≈... #...#.......#.....
............####...######..#.....
............#...........####.....
........#####.......^............
........#........................
........#........................


You could see 3 yaks.

Vanquished Creatures
  Harold (D:8)
  3 two-headed ogres
  Pikel (D:5)
  Maurice (D:8)
  The ghost of KennySheep the Destroyer, a novice DECj of Wu Jian (D:6)
  A hornet (D:10)
  Sigmund (D:6)
  2 vampires
  A wraith (D:10)
  A wyvern (D:9)
  13 yaks
  4 wargs (D:9)
  3 water moccasins
  An orc warrior (D:8)
  An ice beast (D:8)
  A black bear (D:9)
  A necrophage (D:5)
  3 ogres
  2 centaurs
  2 lemures (D:5)
  4 kobold brigands
  7 bullfrogs
  3 scorpions
  A wyvern skeleton (D:7)
  2 killer bees (D:9)
  10 wights (D:9)
  3 howler monkeys (D:8)
  3 electric eels (D:10)
  2 bullfrog skeletons
  A centaur skeleton (D:7)
  A hound (D:7)
  4 jellies
  3 gnoll shamans
  3 orc priests
  Jessica (D:2)
  Ijyb (D:4)
  5 iguanas
  5 orc wizards
  4 hound skeletons
  A howler monkey zombie (D:5)
  13 mummies
  Robin (D:2)
  15 gnolls
  7 adders
  A shadow imp (D:7)
  2 white imps
  5 ufetubi
  An adder skeleton (D:3)
  3 worms
  2 dart slugs
  38 orcs
  6 endoplasms
  5 giant cockroaches
  13 goblins
  12 hobgoblins
  4 jackals (D:1)
  19 kobolds
  2 quokkas
  7 ball pythons
  3 bats
  4 frilled lizards
  A gnoll skeleton (Ossuary)
  3 goblin skeletons (Ossuary)
  2 kobold skeletons (Ossuary)
  A kobold zombie (D:8)
  2 orc skeletons (Ossuary)
  An orc zombie (D:8)
  8 rats
  11 rat skeletons (Ossuary)
300 creatures vanquished.

Vanquished Creatures (others)
  38 fungi (D:9)
  62 plants
100 creatures vanquished.

Grand Total: 400 creatures vanquished

Notes
Turn   | Place    | Note
-------+----------+-------------------------------------------
     0 | D:1      | ders the Gargoyle Earth Elementalist began the quest for
                  | the Orb.
     0 | D:1      | Reached XP level 1. HP: 10/10 MP: 3/3
   174 | D:1      | Reached XP level 2. HP: 15/15 MP: 3/5
   224 | D:1      | Reached skill level 1 in Conjurations
   227 | D:1      | Reached skill level 4 in Earth Magic
   446 | D:1      | Reached XP level 3. HP: 17/19 MP: 0/6
   533 | D:1      | Learned a level 3 spell: Stone Arrow
  1062 | D:2      | Noticed Robin
  1226 | D:2      | Killed Robin
  1227 | D:2      | Reached XP level 4. HP: 24/24 MP: 0/8
  1342 | D:2      | Noticed Jessica
  1344 | D:2      | Killed Jessica
  1507 | D:2      | Reached XP level 5. HP: 15/28 MP: 6/9
  2139 | D:2      | Reached skill level 5 in Earth Magic
  2315 | D:3      | Found a broken altar of Ashenzari.
  2315 | D:3      | Found a shimmering blue altar of Sif Muna.
  2607 | D:3      | Found Geidyklua's Distillery.
  3200 | D:3      | Reached XP level 6. HP: 32/32 MP: 9/11
  3365 | D:4      | Noticed Ijyb
  3369 | D:4      | Killed Ijyb
  3533 | D:4      | Identified a scroll of acquirement
  3533 | D:4      | Acquired the amulet "Ohymaufi" {Acrobat rElec rC+}
  4252 | D:4      | Reached skill level 6 in Earth Magic
  4252 | D:4      | Reached XP level 7. HP: 36/36 MP: 4/13
  4704 | D:5      | Entered Level 5 of the Dungeon
  4825 | D:5      | Found an ancient bone altar of Kikubaaqudgha.
  4933 | D:5      | Found Xose Sac's Hydra Hut.
  4934 | D:5      | Noticed a four-headed hydra
  4952 | D:5      | Found an opulent altar of Gozag.
  4952 | D:5      | Found a sparkling altar of Nemelex Xobeh.
  5278 | D:5      | Reached skill level 5 in Conjurations
  5434 | D:5      | Noticed Pikel
  5468 | D:5      | Killed Pikel
  5469 | D:5      | Reached skill level 5 in Spellcasting
  5469 | D:5      | Reached skill level 7 in Earth Magic
  5469 | D:5      | Reached XP level 8. HP: 13/41 MP: 0/16
  5863 | D:5      | Reached skill level 8 in Earth Magic
  6607 | D:6      | Noticed a yak
  6751 | D:6      | Noticed a yak
  6753 | D:6      | Killed a yak
  6753 | D:6      | Noticed a yak
  6754 | D:6      | Reached XP level 9. HP: 18/45 MP: 11/18
  7055 | D:5      | Reached skill level 9 in Earth Magic
  7375 | D:6      | Noticed Sigmund
  7376 | D:6      | Found a staircase to the Ecumenical Temple.
  7383 | Temple   | Entered the Ecumenical Temple
  7664 | Temple   | Became a worshipper of Vehumet
  7678 | D:6      | Killed Sigmund
  8175 | D:6      | Found a runed translucent door.
  8176 | D:6      | Noticed KennySheep's ghost (novice DECj)
  8384 | D:6      | Killed KennySheep's ghost
  8385 | D:6      | Reached skill level 10 in Earth Magic
  8627 | D:7      | Reached XP level 10. HP: 50/50 MP: 10/21
  8957 | D:7      | Found a hide-covered altar of Uskayaw.
  9174 | D:7      | Reached * piety under Vehumet
  9174 | D:7      | Offered knowledge of Magic Dart by Vehumet.
  9669 | D:8      | Learned a level 4 spell: Petrify
  9736 | D:8      | Noticed Harold
  9749 | D:8      | Killed Harold
  9840 | D:8      | Found a sand-covered staircase.
  9846 | Ossuary  | Entered an ossuary
 10102 | Ossuary  | Reached ** piety under Vehumet
 10102 | Ossuary  | Offered knowledge of Foxfire by Vehumet.
 10713 | D:8      | Reached skill level 11 in Earth Magic
 10859 | D:8      | Noticed a two-headed ogre
 10864 | D:8      | Killed a two-headed ogre
 10955 | D:8      | Found a bloodstained altar of Trog.
 11062 | D:8      | Offered knowledge of Poisonous Vapours by Vehumet.
 11120 | D:8      | Noticed Maurice
 11125 | D:8      | Killed Maurice
 11127 | D:8      | Reached skill level 10 in Conjurations
 11274 | D:8      | Noticed a two-headed ogre
 11278 | D:8      | Killed a two-headed ogre
 11545 | D:9      | Reached *** piety under Vehumet
 11546 | D:9      | Reached XP level 11. HP: 54/54 MP: 16/23
 11693 | D:9      | Reached skill level 12 in Earth Magic
 11897 | D:9      | Found a staircase to the Lair.
 12289 | D:9      | Offered knowledge of Sticky Flame by Vehumet.
 12457 | D:9      | Found a staircase to the Orcish Mines.
 12768 | D:10     | Entered Level 10 of the Dungeon
 12768 | D:10     | Noticed a two-headed ogre
 12775 | D:10     | Killed a two-headed ogre
 13603 | D:10     | Found an iron altar of Okawaru.
 13603 | D:10     | Noticed Maggie
 13664 | D:10     | Reached **** piety under Vehumet
 13665 | D:10     | Reached skill level 13 in Earth Magic
 13669 | D:10     | HP: 1/54 [yak (3)]
 13670 | D:10     | Slain by a yak

Illustrated notes

Levels and vault maps discovered:
D:1:      matt_arrival_grand_opening, layout_basic
D:2:      layout_rooms, minmay_tromino_v7, uniq_jessica, uniq_robin
D:3:      layout_loops_cross, mainiacjoe_overflow_divided_tiny, serial_shops,
          nicolae_shop_crystal, minmay_misc_feat_four_crosses, minmay_cut_off
D:4:      layout_gridville, small_statue_intersection, uniq_ijyb
D:5:      layout_layer_cave, grunt_temple_overflow_opulence,
          mainiacjoe_overflow_concentric_impassable, portal_sewer_entry_d,
          hangedman_abyss_or_decor_stagger, doesnt_shop_hydraphobe, uniq_pikel
D:6:      layout_cave_pools, minmay_temple_entry_mini_moons,
          ebering_ghost_inner_flame, uniq_sigmund
D:7:      layout_basic, marbit_many_paths
D:8:      layout_loops_ring, trog_book, nicolae_ossuary_entry_giza, uniq_harold,
          uniq_maurice
D:9:      layout_roguey, due_lair_maze_entry_diamond,
          minmay_orc_entry_guard_dogs
D:10:     layout_irregular_city, okawaru_ov_weapons_minmay, serial_bayou,
          serial_bayou_pond_e, serial_bayou_lake_a, serial_bayou_lagoon_b,
          serial_bayou_pond_d, serial_bayou_ford_a, eino_jars, uniq_maggie
Temple:   minmay_temple_curvy_branch

Skill      XL: |  1  2  3  4  5  6  7  8  9 10 11 |
---------------+----------------------------------+-----
Conjurations   | 1 2 3 4 6 8 10 11 | 11.4
Earth Magic    | 4 5 6 7 8 10 11 13 | 13.0
Spellcasting   | 3 4 5 6 7 8 9 |  9.9
Dodging        | |  1.5
Stealth        | |  2.1
Transmutations | |  0.7

Action                   |  1- 3 |  4- 6 |  7- 9 | 10-12 || total
-------------------------+-------+-------+-------+-------++-------
Melee: Unarmed           |     9 |       |       |       ||     9
       Dagger            |     6 |    26 |    14 |       ||    46
       Great sword       |       |       |       |    21 ||    21
 Cast: Sandblast         |    53 |    47 |    31 |   121 ||   252
       Stone Arrow       |     1 |    34 |    76 |   132 ||   243
  Use: Scroll            |       |     8 |     6 |    10 ||    24
       Potion            |       |       |     2 |     4 ||     6
 Stab: Sleeping          |       |       |       |     1 ||     1
Armor: Robe              |    14 |    12 |    15 |    37 ||    78
Dodge: Dodged            |    29 |    29 |    38 |    81 ||   177

Table legend: (Time is in decaauts)
 A = Elapsed time spent in this place.
 B = Non-inter-level travel time spent in this place.
 C = Inter-level travel time spent in this place.
 D = Time resting spent in this place.
 E = Time spent auto-exploring this place.
 F = Levels seen in this place.
 G = Mean time per level.
                   A        B        C        D        E       F      G
               +--------+--------+--------+--------+--------+-----+--------+
         Total |  13712 |  13267 |    445 |   2272 |   9351 |  12 | 1142.7 |
       Dungeon |  12847 |  12422 |    425 |   2272 |   8618 |  10 | 1284.7 |
        Temple |    292 |    272 |     20 |      0 |    268 |   1 |  292.0 |
       Ossuary |    571 |    571 |      0 |      0 |    465 |   1 |  571.0 |
               +--------+--------+--------+--------+--------+-----+--------+

Top non-repeatable levels by time:
     D:5: 2510 daAuts
     D:4: 1531 daAuts
     D:1: 1396 daAuts
     D:9: 1287 daAuts
     D:8: 1264 daAuts
     D:7: 1121 daAuts
     D:6: 963 daAuts
     D:3: 952 daAuts
    D:10: 919 daAuts
     D:2: 899 daAuts
 Ossuary: 571 daAuts
  Temple: 292 daAuts
